 Dungeon Crawl Stone Soup version 0.30-a0-222-ge547ba4400 (webtiles) character file.

Game seed: 8327179825579048133

5752 lunkers the Basher (level 11, -12/85 HPs)
             Began as a Meteoran Wanderer on Oct 8, 2022.
             Was a Priest of Nemelex Xobeh.
             Mangled by a death yak (23 damage)
             ... on level 9 of the Dungeon.
             The game lasted 00:11:58 (3012 turns).

lunkers the Basher (Meteoran Wanderer)              Turns: 3012, Time: 00:11:59

Health: -12/85     AC: 11    Str: 14    XL:     11   Next: 26%
Magic:  18/18      EV: 16    Int: 14    God:    Nemelex Xobeh [***...]
Gold:   308        SH:  0    Dex: 18    Spells: 12/13 levels left

rFire   + . .      SeeInvis .    a - +2 morningstar (flame)
rCold   . . .      Faith    .    (no shield)
rNeg    . . .      Spirit   .    y - +4 ring mail {Will+}
rPois   .          Reflect  .    (no helmet)
rElec   .          Harm     .    (no cloak)
rCorr   .          Rampage  .    g - +0 pair of gloves
Will    ++...                    r - +0 pair of boots
Stlth   +.........               k - amulet of the acrobat
HPRegen 0.34/turn                m - ring of protection from fire
MPRegen 0.16/turn                n - +4 ring of evasion

@: glowing
A: sense surroundings 2, otherworldly, glowing, explore regen
a: Renounce Religion, Draw Escape, Draw Destruction, Draw Summoning, Triple Draw


You were on level 9 of the Dungeon.
You worshipped Nemelex Xobeh.
Nemelex Xobeh was most pleased with you.
You visited 1 branch of the dungeon, and saw 9 of its levels.

You collected 308 gold pieces.

Inventory:

Hand Weapons
 a - a +2 morningstar of flaming (weapon)
 s - the +6 dagger of the Spectre {freeze, rN+ Str-4 Stlth+}
   (You found it on level 2 of the Dungeon)

   It freezes those it strikes, dealing additional cold damage.
   It can also slow down cold-blooded creatures.
   Str:       It affects your strength (-4).
   rN:        It protects you from negative energy.
   Stlth:     It makes you more stealthy.
 t - the +5 dagger "Murmur" {venom, Will+ Dex+2}
   (You found it on level 6 of the Dungeon)

   It poisons the flesh of those it strikes.
   Dex:       It affects your dexterity (+2).
   Will:      It increases your willpower.
 v - a +4 long sword of freezing
 C - a +3 scimitar of flaming
Armour
 c - a scarf of harm
 g - a +0 pair of gloves (worn)
 r - a +0 pair of boots (worn)
 w - +0 steam dragon scales
 y - a +4 ring mail of willpower (worn)
Jewellery
 k - an amulet of the acrobat (around neck)
 m - a ring of protection from fire (left hand)
 n - a +4 ring of evasion (right hand)
 p - a ring of flight
 D - an amulet of magic regeneration
Wands
 i - a wand of digging (7)
 j - a wand of charming (1)
Scrolls
 b - 3 scrolls of fog
 e - 5 scrolls of teleportation
 f - 2 scrolls of magic mapping
Potions
 d - 5 potions of curing
 l - a potion of invisibility
 o - a potion of lignification
 q - 3 potions of flight
 u - a potion of mutation {unknown}
 x - a potion of berserk rage {unknown}
 z - a potion of brilliance {unknown}
 A - a potion of degeneration {unknown}
 B - a potion of haste {unknown}


   Skills:
 - Level 4.5 Fighting
 - Level 8.1(9.0) Short Blades
 - Level 6.8(8.9) Long Blades
 + Level 12.6 Maces & Flails
 - Level 3.3 Dodging
 - Level 1.9 Spellcasting
 - Level 6.2 Conjurations
 - Level 1.2 Summonings
 - Level 1.1 Fire Magic
 - Level 8.3 Invocations


You had 12 spell levels left.
You knew the following spells:

 Your Spells              Type           Power      Damage    Failure   Level
p - Foxfire               Conj/Fire      44%        2x1d6     11%         1

Your spell library contained the following spells:

 Spells                   Type           Power      Damage    Failure   Level
 Kiss of Death            Conj/Necr      40%        2d8       14%         1
 Shock                    Conj/Air       40%        1d5       14%         1
 Summon Small Mammal      Summ           16%        N/A       30%         1
 Flame Wave               Conj/Fire      11%        2d6       73%         4
 Summon Guardian Golem    Hex/Summ       3%         N/A       75%         3
 Confusing Touch          Hex            1%         N/A       83%         3
 Dispel Undead            Necr           1%         3d6       99%         4


Dungeon Overview and Level Annotations

Branches:
Dungeon (9/15) Zot: 2408     Lair (0/5) D:9
 Temple: D:4-7          Orc: D:9-12

Altars:
Nemelex Xobeh


Innate Abilities, Weirdness & Mutations

You passively map the area around you.
You are easily found by Zot.
You glow in the dark.
You regain HP and MP as you explore.


Message History

The death yak bellows!
Your +0 trident of freezing hits the rat from afar!
Your +0 trident of freezing freezes the rat.
The rat dies!
You see here a hell rat corpse.
Your +0 trident of freezing hits the death yak.
Your +0 trident of freezing freezes the death yak.
You see here a death yak corpse.
Your +0 trident of freezing hits the death yak but does no damage.
Your +0 trident of freezing barely misses the death yak.
Okay, then.
What are your orders? t - Shout!
Orders for allies: a - Attack new target. r - Retreat! s - Stop attacking. g - Guard the area. f - Follow me.
Anything else - Cancel.
Gang up on whom?
Press: ? - help, Dir - move target, f - death yak
Aim: a death yak (lightly wounded, ally target) Attack!
You draw a card...
You have drawn the Dance.
The death yak attacks as you move away! The death yak completely misses you.
You feel much better.
Your +0 trident of freezing hits the death yak from afar.
Your +0 trident of freezing freezes the death yak.
The death yak gores you!!
* * * LOW HITPOINT WARNING * * *
You sock the death yak! You burn the death yak.
The death yak is moderately wounded.
The death yak gores you!
* * * LOW HITPOINT WARNING * * *
Your +0 trident of freezing hits the death yak but does no damage.
You barely miss the death yak.
The death yak is moderately wounded.
The death yak gores you but does no damage.
Unknown command.
The death yak attacks as you move away! The death yak gores you!!
You die...
Your body glows with a rainbow of weird colours and disappears.

* , **#+# , , , #.#
####.# * * ###
##....## ,
..###......## * *
#.##........### *, #
#.##......†...# *
#.###.##...†..>##.##
*
#..@Y.(...†...###...
* #####(####....#
#### , #.# ####.# ,,
, ..# #<# * *####
#.# #.# * * * *#.# *
* , #.# * * * *,#.#
* *


You could see a death yak (ally target) and 2 friendly dancing weapons.

Vanquished Creatures
  Erica (D:8)
  A death yak (D:9)
  Maggie (D:7)
  Grinder (D:4)
  A basilisk (D:8)
  3 steam dragons
  2 water moccasins
  2 black bears (D:8)
  A sky beast (D:8)
  An ogre (D:6)
  A centaur (D:6)
  3 bullfrogs
  A necrophage (D:7)
  A scorpion (D:6)
  12 wights
  5 killer bees (D:7)
  4 howler monkeys
  A jelly (D:8)
  A hound (D:7)
  5 orc priests
  A gnoll bouda (D:6)
  An iguana (D:7)
  Natasha (twice) (D:4)
  3 orc wizards
  8 gnolls
  3 adders
  2 shadow imps (D:6)
  A white imp (D:4)
  An ufetubus (D:7)
  2 worms
  A dart slug (D:1)
  15 orcs
  5 bats
  4 endoplasms
  2 giant cockroaches
  6 goblins
  A hobgoblin (D:2)
  3 jackals (D:5)
  4 quokkas
  6 ball pythons
  A frilled lizard (D:2)
  5 kobolds
  3 rats
128 creatures vanquished.

Vanquished Creatures (collateral kills)
  A death yak (D:9)
  Pikel (D:4)
  2 hell rats (D:9)
  An orc wizard (D:5)
  An orc (D:5)
  A rat (D:9)
7 creatures vanquished.

Vanquished Creatures (others)
  60 foxfires
60 creatures vanquished.

Grand Total: 195 creatures vanquished

Notes
Turn   | Place    | Note
-------+----------+-------------------------------------------
     0 | D:1      | lunkers the Meteoran Wanderer began the quest for the Orb.
     0 | D:1      | lunkers set off with the following items: a +0 club, a
                  | scroll of fog, a +0 robe, a potion of curing; and the
                  | following spells available to memorise: Foxfire, Shock,
                  | Summon Small Mammal, Summon Guardian Golem, Flame Wave.
     0 | D:1      | Reached XP level 1. HP: 19/19 MP: 3/3
     2 | D:1      | Learned a level 1 spell: Foxfire
   199 | D:1      | Reached XP level 2. HP: 26/26 MP: 2/5
   212 | D:1      | Reached skill level 1 in Fire Magic
   216 | D:1      | Found a faded altar of an unknown god.
   224 | D:1      | Prayed at the altar of an unknown god.
   224 | D:1      | Became a worshipper of Nemelex Xobeh the Trickster
   224 | D:1      | Reached * piety under Nemelex Xobeh
   240 | D:1      | Received a gift from Nemelex Xobeh
   249 | D:2      | Identified the +6 dagger of the Spectre {freeze, rN+ Str-4
                  | Stlth+}
   310 | D:1      | Reached skill level 1 in Short Blades
   310 | D:1      | Reached XP level 3. HP: 31/31 MP: 1/6
   427 | D:2      | Reached XP level 4. HP: 2/38 MP: 7/7
   708 | D:3      | Reached XP level 5. HP: 25/45 MP: 8/8
   967 | D:4      | Reached skill level 1 in Invocations
   982 | D:4      | Noticed Grinder
   985 | D:4      | Paralysed by Grinder for 5 turns
   997 | D:4      | Paralysed by Grinder for 3 turns
  1000 | D:4      | Killed Grinder
  1001 | D:4      | Reached skill level 5 in Short Blades
  1001 | D:4      | Reached XP level 6. HP: 17/51 MP: 1/10
  1001 | D:4      | Reached XP level 7. HP: 19/57 MP: 1/11
  1014 | D:4      | Noticed Natasha
  1018 | D:4      | Killed Natasha
  1019 | D:4      | Noticed Natasha
  1029 | D:4      | Killed Natasha
  1033 | D:4      | Noticed Pikel
  1052 | D:4      | Killed Pikel
  1053 | D:4      | Reached XP level 8. HP: 36/63 MP: 0/14
  1109 | D:5      | Entered Level 5 of the Dungeon
  1110 | D:5      | Reached ** piety under Nemelex Xobeh
  1249 | D:5      | Noticed Sigmund
  1354 | D:4      | Received a gift from Nemelex Xobeh
  1405 | D:5      | Reached skill level 1 in Dodging
  1552 | D:5      | Sigmund changed into Sigmund the howler monkey
  1552 | D:5      | Noticed Sigmund
  1557 | D:5      | Killed Sigmund the howler monkey
  1683 | D:6      | Gained mutation: You passively map the area around you.
                  | [Meteoran growth]
  1683 | D:6      | Reached XP level 9. HP: 67/71 MP: 15/15
  1712 | D:6      | Received a gift from Nemelex Xobeh
  1774 | D:6      | Reached skill level 1 in Long Blades
  1977 | D:6      | Identified the +5 dagger "Murmur" {venom, Will+ Dex+2}
  1994 | D:6      | Reached skill level 5 in Long Blades
  1997 | D:7      | Noticed Maggie
  2002 | D:7      | Killed Maggie
  2008 | D:7      | Reached XP level 10. HP: 71/80 MP: 17/17
  2054 | D:7      | Reached skill level 1 in Maces & Flails
  2083 | D:7      | Reached skill level 2 in Maces & Flails
  2149 | D:7      | Reached skill level 3 in Maces & Flails
  2158 | D:7      | Reached skill level 4 in Maces & Flails
  2183 | D:7      | Reached *** piety under Nemelex Xobeh
  2183 | D:7      | Received a gift from Nemelex Xobeh
  2260 | D:7      | Reached skill level 5 in Maces & Flails
  2315 | D:7      | Reached skill level 6 in Maces & Flails
  2608 | D:8      | Reached skill level 7 in Maces & Flails
  2631 | D:8      | Noticed Joseph
  2634 | D:8      | Joseph changed into Joseph the basilisk
  2634 | D:8      | Noticed Joseph
  2643 | D:8      | Killed Joseph the basilisk
  2681 | D:8      | Reached skill level 8 in Maces & Flails
  2738 | D:8      | Reached skill level 9 in Maces & Flails
  2842 | D:8      | Noticed Erica
  2856 | D:8      | Killed Erica
  2857 | D:8      | Reached skill level 10 in Maces & Flails
  2857 | D:8      | Reached XP level 11. HP: 79/85 MP: 18/18
  2959 | D:9      | Found a staircase to the Lair.
  2959 | D:9      | Noticed a death yak
  2972 | D:9      | Noticed a death yak
  2979 | D:9      | Killed a death yak
  2980 | D:9      | Reached skill level 11 in Maces & Flails
  2994 | D:9      | Killed a death yak
  2995 | D:9      | Reached skill level 12 in Maces & Flails
  2996 | D:9      | Noticed a death yak
  3012 | D:9      | Mangled by a death yak

Illustrated notes

Levels and vault maps discovered:
D:1:      giann_bridges, layout_loops_ring, hellmonk_ecumenical_altar_blasted
D:2:      layout_loops_ring, minmay_tromino_v4_b
D:3:      layout_loops_ring, serial_shops, shop, kennysheep_generic_room_10
D:4:      layout_rooms, uniq_crazy_yiuf_cottage, uniq_grinder, uniq_pikel,
          uniq_natasha
D:5:      layout_loops_ring, uniq_sigmund
D:6:      layout_basic
D:7:      layout_basic, minmay_temple_entry_hall, item_on_display_a, uniq_maggie
D:8:      layout_basic, uniq_joseph, uniq_erica
D:9:      layout_loops_corners, mainiacjoe_overflow_concentric_impassable,
          dpeg_lair_monsters, special_room [special_room_orc], chequers_jeans

Skill      XL: |  1  2  3  4  5  6  7  8  9 10 11 |
---------------+----------------------------------+-----
Fire Magic     | 1 |  1.1
Short Blades   | 1 2 3 5 7 8 |  8.1
Invocations    | 4 6 7 8 |  8.3
Dodging        | 2 3 |  3.3
Fighting       | 4 |  4.5
Long Blades    | 6 |  6.8
Maces & Flails | 10 12 | 12.6
Spellcasting   | |  1.9
Conjurations   | |  6.2
Summonings     | |  1.2

Action                   |  1- 3 |  4- 6 |  7- 9 | 10-12 || total
-------------------------+-------+-------+-------+-------++-------
Melee: Dagger            |    34 |    51 |   110 |       ||   195
       Club              |     1 |       |       |       ||     1
       Punch             |       |       |     4 |     1 ||     5
       Long sword        |       |       |    62 |       ||    62
       Morningstar       |       |       |       |   157 ||   157
 Cast: Foxfire           |    18 |    10 |     8 |       ||    36
Invok: Draw Destruction  |       |     3 |     6 |     4 ||    13
       Draw Summoning    |       |       |     3 |     4 ||     7
  Use: Potion            |       |     1 |       |     2 ||     3
       Scroll            |       |       |     8 |       ||     8
 Stab: Sleeping          |     1 |     2 |       |       ||     3
Armor: Robe              |    15 |     5 |    17 |       ||    37
       Skin              |       |       |       |    34 ||    34
       Steam dragon scal |       |       |       |    31 ||    31
       Ring mail         |       |       |       |    16 ||    16
Dodge: Dodged            |    22 |    22 |    95 |   130 ||   269

Table legend: (Time is in decaauts)
 A = Elapsed time spent in this place.
 B = Non-inter-level travel time spent in this place.
 C = Inter-level travel time spent in this place.
 D = Time resting spent in this place.
 E = Time spent auto-exploring this place.
 F = Levels seen in this place.
 G = Mean time per level.
                   A        B        C        D        E       F      G
               +--------+--------+--------+--------+--------+-----+--------+
         Total |   2991 |   2755 |    236 |      0 |   1496 |   9 |  332.3 |
       Dungeon |   2991 |   2755 |    236 |      0 |   1496 |   9 |  332.3 |
               +--------+--------+--------+--------+--------+-----+--------+

Top non-repeatable levels by time:
     D:7: 609 daAuts
     D:8: 424 daAuts
     D:5: 410 daAuts
     D:2: 343 daAuts
     D:3: 338 daAuts
     D:6: 327 daAuts
     D:1: 266 daAuts
     D:4: 203 daAuts
     D:9: 67 daAuts
